Map: Lightshade LE

Players

rottenorange - Winner!

  • Race: Zerg Zerg
  • League: Bronze
  • Spawn Location: 5:00

ZergDrachen

  • Race: Protoss Protoss
  • League: Gold
  • Spawn Location: 11:00

VOD

Have the link to the VOD?

Description

Time

  • Played on: Oct. 10, 2020, 10:45 a.m.
  • Length: 5:10
Show
View Real Time Build Order
Export as new Build Order

rottenorange Zerg - Winner!

Build Orders: Hatch First 

Get SALT Encoding   

  12  0:00  Drone  
  13  0:13  Overlord  
  13  0:19  Drone  
  14  0:32  Drone x2  
  16  0:51  Hatchery  
  16  0:54  Drone  
  16  0:56  Drone  
  17  1:08  Extractor  
  16  1:15  Spawning Pool  
  16  1:17  Drone  
  16  1:20  Drone  
  17  2:02  Queen  
  17  2:03  Zergling x6  
  22  2:21  Zergling x2  
  22  2:31  Zergling x8  
  26  2:38  Queen  
  26  2:41  Overlord  
  29  3:12  Drone  
  29  3:13  Queen, Drone x5  
  36  3:45  Overlord  
  36  3:46  Overlord  
  36  4:10  Zergling x16  
  36  4:11  Zergling x8  
  48  4:18  Queen  
  49  4:33  Hatchery  
  47  4:42  Zergling x2  
  47  4:43  Zergling x10  
Show
View Real Time Build Order
Export as new Build Order

ZergDrachen Protoss 

Build Orders: Cannon Rush 

Get SALT Encoding   

  12  0:01  Probe  
  13  0:13  Probe  
  14  0:20  Pylon  
  14  0:34  Probe  
  15  0:42  Forge  
  15  0:46  Probe  
  16  1:04  Pylon  
  16  1:21  Pylon  
  16  1:30  Photon Cannon  
  16  1:35  Pylon  
  16  1:38  Pylon  
  16  1:42  Photon Cannon  
  16  1:43  Photon Cannon  
  16  1:59  Photon Cannon  
  16  2:07  Photon Cannon  
  16  2:13  Pylon  
  16  2:30  Photon Cannon  
  16  2:39  Photon Cannon  
  16  2:41  Photon Cannon  
  16  2:57  Gateway  
  16  2:59  Probe  
  17  3:07  Assimilator  
  17  3:11  Probe  
  18  3:23  Probe  
  19  3:32  Gateway  
  19  3:35  Probe  
  20  3:47  Zealot  
  21  4:03  Photon Cannon  
Tags
 
Add a new tag
Caveats
  • Supply blocks, unpowered buildings, or Contaminate may cause inaccurate times.
  • Supply counts are checked every 10 seconds.